 Dungeon Crawl Stone Soup version 0.27-a0-323-gbd089401bb (webtiles) character file.

Game seed: 10608338131906263109

259 tabyourdongers the Ruffian (level 5, -4/79 HPs)
             Began as a Troll Berserker on Feb 10, 2021.
             Was a Priest of Trog.
             Slain by a worker ant (8 damage)
             ... on level 4 of the Dungeon.
             The game lasted 00:03:02 (1961 turns).

tabyourdongers the Ruffian (Troll Berserker)        Turns: 1961, Time: 00:03:04

Health: -4/79      AC:  6    Str: 26    XL:     5   Next: 94%
Magic:  4/4        EV: 10    Int:  3    God:    Trog [***...]
Gold:   117        SH:  0    Dex:  9    Spells: 4/4 levels left

rFire    . . .     SeeInvis .     - Unarmed
rCold    . . .     Faith    .   (no shield)
rNeg     . . .     Spirit   .   a - +0 animal skin
rPois    .         Reflect  .   (helmet restricted)
rElec    .         Harm     .   (no cloak)
rCorr    .         Rampage  .   (gloves unavailable)
Will     .....                  (boots unavailable)
Stlth    ..........             (no amulet)
HPRegen  0.63/turn              (no ring)
MPRegen  0.09/turn              (no ring)

@: berserking, very quick
A: large, unfitting armour, claws 3, regeneration 1, shaggy fur 1, tough skin 3
a: Renounce Religion, Berserk, Trog's Hand


You were on level 4 of the Dungeon.
You worshipped Trog.
Trog was most pleased with you.
You visited 1 branch of the dungeon, and saw 4 of its levels.

You collected 117 gold pieces.

Inventory:

Armour
 a - a +0 animal skin (worn)
Jewellery
 n - a +6 ring of dexterity
 o - a +4 ring of evasion {unknown}
Wands
 l - a wand of digging (7)
 p - a wand of polymorph (14)
Scrolls
 b - 7 scrolls of identify {unknown}
 c - a scroll of fog {unknown}
 d - a scroll of random uselessness {unknown}
 e - 3 scrolls of magic mapping {unknown}
 g - a scroll of noise {unknown}
 h - a scroll of amnesia {unknown}
 k - 3 scrolls of teleportation {unknown}
 s - a scroll of immolation {unknown}
Potions
 f - a potion of cancellation {unknown}
 i - a potion of magic {unknown}
 j - 2 potions of might
 m - a potion of flight {unknown}
 q - a potion of curing {unknown}
 r - a potion of lignification {unknown}
 t - 2 potions of invisibility {unknown}
 u - a potion of brilliance {unknown}
 v - a potion of degeneration {unknown}


   Skills:
 + Level 3.3 Fighting
 + Level 3.5 Dodging
 + Level 0.1 Stealth
 + Level 5.1 Unarmed Combat


You had 4 spell levels left.
You didn't know any spells.
Your spell library was empty.

Dungeon Overview and Level Annotations

Branches:
Dungeon (4/15)
 Temple: D:4-7

Altars:
Dithmenos
Kikubaaqudgha
Nemelex Xobeh
Xom


Innate Abilities, Weirdness & Mutations

You are too large for most types of armour.
You have claws for hands.
Your natural rate of healing is unusually fast.
You are covered in fur. (AC +1)
You have extremely tough skin. (AC +3)


Message History

* * * LOW HITPOINT WARNING * * *
The jackal barely misses you. The worker ant bites you.
* * * LOW HITPOINT WARNING * * *
You scratch the orc priest.
The orc priest is lightly wounded.
The jackal bites you but does no damage.
The orc priest hits you but does no damage.
The orc wizard gestures at itself while chanting.
The orc wizard flickers and vanishes!
Deactivating autopickup; reactivate with Ctrl-A.
The jackal barely misses you.
You barely miss the orc priest.
The orc priest is lightly wounded.
The worker ant bites you.
* * * LOW HITPOINT WARNING * * *
The jackal bites you.
* * * LOW HITPOINT WARNING * * *
The iguana bites you.
* * * LOW HITPOINT WARNING * * *
You mangle the orc priest!!
You feel the power of Trog in you as your rage grows.
You kill the orc priest!
Trog accepts your kill. The jackal bites you.
* * * LOW HITPOINT WARNING * * *
The jackal bites you but does no damage.
The worker ant closely misses you.
Your Unarmed Combat skill increases to level 5!
You closely miss the worker ant. The jackal closely misses you.
The iguana barely misses you. The jackal bites you.
* * * LOW HITPOINT WARNING * * *
You completely miss the worker ant. The worker ant closely misses you.
The jackal bites you but does no damage.
You scratch the worker ant.
The worker ant is lightly wounded.
The jackal bites you but does no damage.
The iguana bites you.
* * * LOW HITPOINT WARNING * * *
The worker ant bites you!
You die...

.......##...<:#
........†....#......
.....).....## .....
. ............# .##.
.. ##.....?...#.. #
...##..##........#
.......o..........
........B.........
......ol@).....###
.......hh.....#..
..).....#....###.#
.....#.##...#.# #.
##....# #..###[#
#..#.. #.#. #.
<..##. .#.. .. ##
.#...


You could see an iguana, a worker ant, 2 orcs and 2 jackals.

Vanquished Creatures
  A howler monkey (D:4)
  An orc priest (D:4)
  Terence (D:2)
  5 gnolls
  4 adders
  2 oozes (D:2)
  A worm (D:3)
  3 dart slugs
  2 leopard geckos
  An orc (D:3)
  2 giant cockroaches
  10 hobgoblins
  5 kobolds
  2 quokkas (D:2)
  A ball python (D:2)
  9 bats
  3 frilled lizards
  8 goblins
  A jackal skeleton (D:4)
  A quokka skeleton (D:4)
  12 rats
75 creatures vanquished.

Notes
Turn   | Place    | Note
-------+----------+-------------------------------------------
     0 | D:1      | tabyourdongers the Troll Berserker began the quest for the
                  | Orb.
     0 | D:1      | Reached XP level 1. HP: 22/22 MP: 0/0
    62 | D:1      | Reached XP level 2. HP: 19/29 MP: 1/1
   339 | D:1      | Reached XP level 3. HP: 33/36 MP: 2/2
   621 | D:1      | Reached ** piety under Trog
   938 | D:2      | Reached XP level 4. HP: 44/45 MP: 3/3
   977 | D:2      | Noticed Terence
   984 | D:2      | Killed Terence
   985 | D:2      | Reached skill level 4 in Unarmed Combat
  1323 | D:3      | Found a sparkling altar of Nemelex Xobeh.
  1345 | D:3      | Reached XP level 5. HP: 23/53 MP: 4/4
  1515 | D:3      | Found a shadowy altar of Dithmenos.
  1517 | D:3      | Found a shimmering altar of Xom.
  1522 | D:3      | Found an ancient bone altar of Kikubaaqudgha.
  1928 | D:4      | Reached *** piety under Trog
  1959 | D:4      | Reached skill level 5 in Unarmed Combat
  1961 | D:4      | Slain by a worker ant

Illustrated notes

Levels and vault maps discovered:
D:1:      dpeg_arrival_subterranean_lakeside_camping, layout_basic,
          minmay_fountain_box
D:2:      layout_basic, uniq_terence
D:3:      layout_rooms, minitemple, nemelex_spade_bored_becter
D:4:      layout_cave_pools, minmay_manual_mail

Skill      XL: |  1  2  3  4  5 |
---------------+----------------+-----
Fighting       | 3 |  3.3
Dodging        | 3 |  3.5
Unarmed Combat | 4 5 |  5.1
Stealth        | |  0.1

Action                   |  1- 3 |  4- 6 || total
-------------------------+-------+-------++-------
Melee: Unarmed           |    79 |    92 ||   171
Invok: Berserk           |     1 |     2 ||     3
Armor: Animal skin       |    24 |    35 ||    59
Dodge: Dodged            |    38 |    66 ||   104

Table legend: (Time is in decaauts)
 A = Elapsed time spent in this place.
 B = Non-inter-level travel time spent in this place.
 C = Inter-level travel time spent in this place.
 D = Time resting spent in this place.
 E = Time spent auto-exploring this place.
 F = Levels seen in this place.
 G = Mean time per level.
                   A        B        C        D        E       F      G
               +--------+--------+--------+--------+--------+-----+--------+
         Total |   1968 |   1927 |     41 |      1 |   1566 |   4 |  492.0 |
       Dungeon |   1968 |   1927 |     41 |      1 |   1566 |   4 |  492.0 |
               +--------+--------+--------+--------+--------+-----+--------+

Top non-repeatable levels by time:
     D:1: 795 daAuts
     D:3: 619 daAuts
     D:2: 520 daAuts
     D:4: 33 daAuts
